 Dungeon Crawl Stone Soup version 0.29-a0-483-g69413ace17 (webtiles) character file.

Game seed: 16199070707413047336

260273 spiderkeys the Warrior (level 19, -1/195 HPs)
             Began as a Naga Abyssal Knight on May 26, 2022.
             Was the Champion of Lugonu.
             Killed from afar by an ironbound thunderhulk (46 damage)
             ... with a bolt of lightning
             ... on level 2 of the Vaults.
             The game lasted 01:41:49 (39767 turns).

spiderkeys the Warrior (Naga Abyssal Knight)       Turns: 39767, Time: 01:41:49

Health: -1/195     AC: 33    Str: 22    XL:     19   Next: 92%
Magic:  23/28      EV:  6    Int: 21    God:    Lugonu [******]
Gold:   2140       SH:  7    Dex: 15    Spells: 11/30 levels left

rFire   + . .      SeeInvis +   A - +9 demon trident (elec)
rCold   . . .      Faith    .   H - +0 buckler
rNeg    . . .      Spirit   .   m - +4 ring mail {rF+}
rPois   +          Reflect  .   R - +0 mask of the Dragon {Will+ Slay+3 SInv}
rElec   .          Harm     .   o - +0 cloak {Will+}
rCorr   .          Rampage  +   f - +2 pair of gloves
Will    ++++.                   c - +4 barding
Stlth   +.........              i - amulet of Ageuxueg {Rampage Regen+ Str+6 Dex+4}
HPRegen 2.02/turn               I - +6 ring of intelligence
MPRegen 0.21/turn               O - +4 ring of protection

@: studying Air Magic, very slow
A: AC +6, large, see invisible, deformed body, poison resistance, slowness 2,
spit poison 1, naga tail 2, dopey 1, regeneration 1, shaggy fur 1, weak 1
}: 2/15 runes: serpentine, barnacled
a: Spit Poison, Renounce Religion, Depart the Abyss, Bend Space, Banish,
Corrupt, Enter the Abyss, Brand Weapon With Distortion


You were on level 2 of the Vaults.
You worshipped Lugonu.
Lugonu was exalted by your worship.
You visited 6 branches of the dungeon, and saw 33 of its levels.
You visited the Abyss 1 time.
You also visited: Gauntlet.

You collected 3254 gold pieces.
You spent 1114 gold pieces at shops.


Innate Abilities, Weirdness & Mutations

Your serpentine skin is tough. (AC +6)
You have supernaturally acute eyesight. (SInv)
Armour fits poorly on your strangely shaped body.
Your system is resistant to poisons. (rPois)
You cover ground very slowly.
You can spit poison.
You can use your snake-like lower body to constrict enemies.
You are dopey. (Int -2)
Your natural rate of healing is unusually fast.
You are covered in fur. (AC +1)
You are weak. (Str -2)


   Skills:
 + Level 17.9 Fighting
 - Level 14.0 Polearms
 - Level 7.0 Armour
 - Level 0.7 Dodging
 - Level 10.0 Shields
 - Level 6.0 Spellcasting
 - Level 10.0 Conjurations
 - Level 10.0 Translocations
 - Level 15.0 Transmutations
 - Level 5.0 Fire Magic
 + Level 9.5 Earth Magic
 - Level 9.2 Invocations
 - Level 2.7 Evocations


You had 11 spell levels left.
You knew the following spells:

 Your Spells              Type           Power      Damage    Failure   Level
f - Foxfire               Conj/Fire      100%       2x1d9     1%          1
g - Passage of Golubria   Tloc           48%        N/A       2%          4
i - Irradiate             Conj/Tmut      28%        3d22      2%          5
p - Ignite Poison         Fire/Tmut/Pois 34%        N/A       3%          3
s - Statue Form           Tmut/Erth      36%        N/A       17%         6

Your spell library contained the following spells:

 Spells                   Type           Power      Damage    Failure   Level
 Beastly Appendage        Tmut           100%       N/A       1%          1
 Passwall                 Tmut/Erth      45%        N/A       1%          2
 Wereblood                Tmut           62%        N/A       1%          2
 Petrify                  Tmut/Erth      55%        N/A       1%          4
 Conjure Flame            Conj/Fire      37%        6-21      2%          3
 Spider Form              Tmut/Pois      37%        N/A       2%          3
 Flame Wave               Conj/Fire      37%        2d9       8%          4
 Ice Form                 Ice/Tmut       37%        N/A       8%          4
 Sticky Flame             Conj/Fire      37%        2d6       8%          4
 Inner Flame              Hex/Fire       16%        N/A       19%         3
 Hailstorm                Conj/Ice       27%        3d7       22%         4
 Ensorcelled Hibernation  Hex/Ice        12%        N/A       26%         2
 Sublimation of Blood     Necr           6%         N/A       26%         2
 Swiftness                Air            6%         N/A       45%         3
 Summon Forest            Summ/Tloc      13%        N/A       52%         5
 Conjure Ball Lightning   Conj/Air       13%        3x3d6     98%         6
 Metabolic Englaciation   Hex/Ice        3%         N/A       99%         5
 Silence                  Hex/Air        3%         N/A       99%         5
 Summon Mana Viper        Hex/Summ       6%         N/A       99%         5
 Simulacrum               Ice/Necr       3%         N/A       100%        6
 Summon Cactus Giant      Summ           3%         N/A       100%        6
 Borgnjor's Revivificati  Necr           3%         N/A       100%        8
 Discord                  Hex            3%         N/A       100%        8
 Disjunction              Tloc           24%        N/A       100%        8
 Lehudib's Crystal Spear  Conj/Erth      23%        10d7      100%        8
 Necromutation            Tmut/Necr      18%        N/A       100%        8
 Death's Door             Necr           3%         N/A       100%        9

Inventory:

Hand Weapons
 p - a +5 trident of protection
   (You took it off a merfolk impaler on level 4 of the Shoals)
 A - a +9 demon trident of electrocution (weapon)
   (You took it off a merfolk impaler on level 4 of the Shoals)
 Y - a +3 spear of distortion
   (You found it on level 10 of the Dungeon)
Missiles
 J - 3 curare-tipped darts {=f}
Armour
 c - a +4 barding (worn)
   (You found it on level 14 of the Dungeon)
 f - a +2 pair of gloves (worn)
   (You found it on level 2 of the Dungeon)
 m - a +4 ring mail of fire resistance (worn)
   (You found it on level 2 of the Dungeon)
 o - a +0 cloak of willpower (worn)
   (You took it off Nikola on level 3 of the Shoals)
 s - the +1 pair of gloves "Vubesho" {-Tele +Inv rF+ Dex+4}
   (You found it on level 13 of the Dungeon)

   Dex:       It affects your dexterity (+4).
   rF:        It protects you from fire.
   +Inv:      It lets you turn invisible.
   -Tele:     It prevents most forms of teleportation.
 y - the +2 helmet of Babovvij {rCorr}
   (You bought it in a shop on level 2 of the Orcish Mines)

   rCorr:     It protects you from acid and corrosion.
 H - a +0 buckler (worn)
   (You found it on level 10 of the Dungeon)
 R - the +0 mask of the Dragon (worn) {Will+ Slay+3 SInv}
   (You found it on level 4 of the Lair of Beasts)

   Slay:      It affects your accuracy & damage with ranged weapons and melee
   (+3).
   SInv:      It lets you see invisible.
   Will:      It increases your willpower.
Jewellery
 i - the amulet of Ageuxueg (around neck) {Rampage Regen+ Str+6 Dex+4}
   (You found it on level 6 of the Lair of Beasts)

   [amulet of regeneration]

   Str:       It affects your strength (+6).
   Dex:       It affects your dexterity (+4).
   Regen:     It increases your rate of health regeneration.
   Rampage:   It bestows one free step when moving towards enemies.
 C - a ring of ice
   (You took it off a minotaur in a Gauntlet)
 F - a ring of protection from fire
   (You found it on level 1 of the Snake Pit)
 I - a +6 ring of intelligence (left hand)
   (You found it on level 5 of the Dungeon)
 O - a +4 ring of protection (right hand)
   (You found it on level 6 of the Dungeon)
 U - an amulet of reflection
   (You found it in a Gauntlet)
 Z - a ring of wizardry
   (You found it on level 5 of the Lair of Beasts)
Wands
 n - a wand of iceblast (21)
   (You found it on level 3 of the Dungeon)
 P - a wand of digging (4)
   (You took it off a naga warrior on level 4 of the Snake Pit)
 S - a wand of acid (5)
   (You found it on level 13 of the Dungeon)
 W - a wand of paralysis (12)
   (You found it on level 11 of the Dungeon)
 X - a wand of flame (57)
   (You found it on level 6 of the Dungeon)
Scrolls
 e - 2 scrolls of fog
 h - 4 scrolls of torment {!r}
 q - 5 scrolls of poison
 r - 3 scrolls of silence {!r}
 v - 5 scrolls of blinking {!r}
 w - 8 scrolls of immolation {!r!r}
 x - 5 scrolls of magic mapping {!r}
 E - 2 scrolls of vulnerability {!r!r}
 Q - 9 scrolls of teleportation {@r4}
Potions
 a - a potion of cancellation
 b - 4 potions of flight
 g - 5 potions of might
 j - 7 potions of heal wounds {@q2}
 k - 4 potions of magic
 l - a potion of brilliance
 t - 5 potions of attraction {!q}
 u - 5 potions of haste {@q3}
 z - 12 potions of curing {@q1}
 B - 4 potions of lignification {!q}
 G - a potion of mutation {!q}
 L - 2 potions of ambrosia
 M - 3 potions of berserk rage {!q}
 T - a potion of resistance
 V - 2 potions of invisibility
Miscellaneous
 d - a tin of tremorstones (2/2)
   (You found it on level 12 of the Dungeon)
 D - a box of beasts
   (You found it on level 10 of the Dungeon)
 K - a condenser vane
   (You found it in a Gauntlet)
 N - a phantom mirror
   (You found it in a Gauntlet)

Dungeon Overview and Level Annotations

Branches:
Dungeon (15/15)            Temple (0/1) D:7            Lair (6/6) D:10
 Shoals (4/4) Lair:4        Snake (4/4) Lair:2        Slime (0/5) Lair:5
    Orc (2/2) D:10            Elf (0/3) Orc:2        Vaults (2/5) D:13
 Depths (0/4) D:15        Gauntlet (visited)
  Crypt: Vaults:2-3

Altars:
Makhleb
Okawaru
Sif Muna
Trog
Vehumet
Xom
The Shining One
Jiyva

Shops:
D:8 **   D:10 =   Orc:2 *:?[   Shoals:3 (   Snake:4 *   Vaults:2 [*

Portals:
Pandemonium: Orc:2

Annotations:
Abyss:1 Frances, Lodul

#..<...##############.
#......# #### #......#
#... #''##### #...
#......### #...
#.#..#...## #...
#....#....#########...
#....###..##......#..^
#.###@^#...'......#...
#...#.p###.#....>.#...
##..###...^+......#YY.
#....#....#.∩.∩..#...
##...#..#.+......)...
###.....)##∩.∩.##...
######O###...##... #p#
######...


cpT #... You could see an ironbound preserver, an ironbound thunderhulk and a
vault sentinel.


Message History

You take 3 damage, and now have 139/195 hp.
You hit the ironbound thunderhulk but do no damage.
Lightning courses through the ironbound thunderhulk!
Your grab misses the ironbound thunderhulk.
A deep troll comes into view.
Strange energies crackle from the ironbound thunderhulk's apparatus.
The ironbound thunderhulk blinks!
The vault sentinel blows a loud note on a signal horn!
The ironbound frostheart calls freezing cold from the walls.
The frost grips you.
You are encased in ice.
You hear a shout! 😮 HP[-2] MP[+1]
You take 2 damage, and now have 137/195 hp.
You puncture the ironbound thunderhulk!
Lightning courses through the ironbound thunderhulk!
You grab the ironbound thunderhulk.
You constrict the ironbound thunderhulk.
The ironbound thunderhulk hits you but does no damage. 😮 HP[+1]
You impale the ironbound thunderhulk!!
Lightning courses through the ironbound thunderhulk!
You kill the ironbound thunderhulk!
Lugonu accepts your kill.
Electricity crackles from the ironbound thunderhulk's apparatus.
The bolt of lightning hits you! 😮 HP[-16]
You take 16 damage, and now have 122/195 hp.
You puncture the ironbound convoker! You grab the ironbound convoker.
You constrict the ironbound convoker.
The ironbound convoker hits you but does no damage. 😮 HP[+1]
You impale the ironbound convoker!!
You constrict the ironbound convoker. 😮 HP[+2]
You regained 2 hp, and now have 125/195 hp.
You puncture the ironbound convoker!
You kill the ironbound convoker!
Lugonu accepts your kill. The ice encasing you melts away.
The vault sentinel blows a loud note on a signal horn!
Electricity crackles from the ironbound thunderhulk's apparatus.
The bolt of lightning hits you but does no damage.
The vault sentinel blows a loud note on a signal horn!
You hear a shout!
You hear a trumpeting! 😮 HP[+1]
You impale the ironbound frostheart!! You grab the ironbound frostheart.
You constrict the ironbound frostheart. 😮 HP[+1]
You puncture the ironbound frostheart! You constrict the ironbound frostheart.
The ironbound frostheart calls freezing cold from the walls.
The frost grips you but does no damage.
You are encased in ice. 😮 HP[+1]
You puncture the ironbound frostheart! You constrict the ironbound frostheart.
The ironbound frostheart touches you! The ironbound frostheart freezes you!!
* * * LOW HITPOINT WARNING * * *
Strange energies crackle from the ironbound thunderhulk's apparatus.
The ironbound thunderhulk blinks! 😨 HP[-34] MP[+1]
You take 34 damage, and now have 94/195 hp.
Unknown command.
Casting: Passage of Golubria (mildly dangerous; 2% risk of failure)
Confirm with . or Enter, or press ? or * to list all spells.
Aiming: Passage of Golubria (mildly dangerous; 2% risk of failure)
Press: ? - help, Dir - move target You constrict the ironbound frostheart.
The ironbound frostheart touches you but does no damage. 😨 HP[+2] MP[-4]
You regained 2 hp, and now have 96/195 hp.
You lost 4 mp, and now have 22/28 mp.
You release your grip on the ironbound frostheart.
Strange energies crackle from the ironbound thunderhulk's apparatus.
The ironbound thunderhulk blinks!
The vault sentinel blows a loud note on a signal horn!
Things that are here:
a +0 dire flail; a +0 animal skin; an ogre corpse 😮 HP[+3]
You regained 3 hp, and now have 99/195 hp.
You enter the passage of Golubria.
The ice encasing you melts away.
Strange energies crackle from the ironbound thunderhulk's apparatus.
The ironbound thunderhulk blinks!
The vault sentinel gestures at you while chanting.
You resist with almost no effort.
There is a passage of Golubria here. 😮 HP[+4] MP[+1]
You regained 4 hp, and now have 103/195 hp.
Electricity crackles from the ironbound thunderhulk's apparatus.
The bolt of lightning hits you!!!
* * * LOW HITPOINT WARNING * * *
Electricity crackles from the ironbound thunderhulk's apparatus.
The bolt of lightning hits you!!
* * * LOW HITPOINT WARNING * * *
😱 HP[-77]
You take 77 damage, and now have 26/195 hp.
MASSIVE DAMAGE!! (PAUSE)
You feel much better.
Electricity crackles from the ironbound thunderhulk's apparatus.
The bolt of lightning hits you!!!
You die...

Skill      XL: |  1  2  3  4  5  6  7  8  9 10 11 12 13 14 15 16 17 18 19 |
---------------+----------------------------------------------------------+-----
Spellcasting   | 1 2 3 4 5 6 |  6.0
Invocations    | 3 4 5 6 8 9 |  9.2
Polearms       | 3 4 5 7 8 9 10 11 12 13 14 | 14.0
Fighting       | 4 5 6 7 9 10 11 12 14 15 16 17 | 17.9
Conjurations   | 2 5 6 8 9 10 | 10.0
Fire Magic     | 2 5 |  5.0
Shields        | 2 4 6 7 9 10 | 10.0
Transmutations | 3 6 8 9 11 12 14 15 | 15.0
Armour         | 3 6 7 |  7.0
Evocations     | 2 |  2.7
Translocations | 5 8 10 | 10.0
Earth Magic    | 4 7 9 |  9.5
Dodging        | |  0.7

Action                   |  1- 3 |  4- 6 |  7- 9 | 10-12 | 13-15 | 16-18 | 19-21 || total
-------------------------+-------+-------+-------+-------+-------+-------+-------++-------
Melee: Spear             |   124 |   234 |   306 |   502 |  1295 |       |       ||  2461
       Punch             |       |     3 |     5 |     2 |       |       |       ||    10
       Trident           |       |       |    67 |    97 |   103 |   385 |       ||   652
       Constrict         |       |       |       |       |   203 |   260 |    75 ||   538
       Demon trident     |       |       |       |       |       |  1362 |   505 ||  1867
Throw: Dart              |       |       |       |     6 |     1 |     4 |       ||    11
       Boomerang         |       |       |       |     1 |       |       |       ||     1
 Cast: Foxfire           |       |       |     4 |       |     4 |     1 |       ||     9
       Ignite Poison     |       |       |       |       |     2 |       |       ||     2
       Irradiate         |       |       |       |       |       |     1 |     2 ||     3
       Passage of Golubr |       |       |       |       |       |       |     5 ||     5
       Statue Form       |       |       |       |       |       |       |     1 ||     1
Invok: Banish            |       |       |     4 |    10 |     5 |     7 |     2 ||    28
       Bend Space        |       |       |     3 |    29 |     5 |       |     1 ||    38
       Corrupt           |       |       |       |     1 |       |       |       ||     1
 Abil: Spit Poison       |     9 |    12 |    42 |    22 |    17 |     6 |     2 ||   110
Evoke: Wand              |       |       |     8 |    14 |     6 |     5 |       ||    33
       Box of beasts     |       |       |       |     1 |       |       |       ||     1
       Phantom mirror    |       |       |       |       |     1 |     1 |       ||     2
       Condenser vane    |       |       |       |       |     1 |     1 |       ||     2
  Use: Scroll            |     1 |       |    17 |     7 |    11 |    18 |     2 ||    56
       Potion            |       |       |     2 |     5 |       |     1 |     2 ||    10
 Stab: Paralysed         |       |       |    11 |       |       |       |       ||    11
       Petrified         |       |       |       |       |     5 |       |       ||     5
       Distracted        |       |       |       |       |       |     1 |     2 ||     3
Armor: Leather armour    |    24 |       |       |       |       |       |       ||    24
       Ring mail         |       |   143 |   215 |   275 |   429 |   808 |   218 ||  2088
Dodge: Dodged            |    42 |    88 |   155 |   185 |   173 |   260 |    63 ||   966
Block: Buckler           |       |       |       |   169 |   332 |   357 |    78 ||   936
       Reflection        |       |       |       |     2 |    12 |       |       ||    14
       Kite shield       |       |       |       |       |       |       |     3 ||     3

Levels and vault maps discovered:
D:1:      heliophobic_arrival_dark_side_of_the_moon, layout_loops_cross,
          hellmonk_ecumenical_altar_run_dry, serial_aquarium,
          aquarium_bridge_straight [aquarium_subvault_bridge,
          aquarium_subvault_wall, aquarium_subvault_bridge,
          aquarium_subvault_wall], aquarium_window_corridor_2,
          aquarium_window_fake, aquarium_view_2d, aquarium_view_2c,
          aquarium_pool_S
D:2:      layout_basic, basic_altar
D:3:      layout_basic, dk_noncrumbling_3
D:4:      layout_cave_pools
D:5:      layout_rooms, kennysheep_big_empty_room, kennysheep_nub
D:6:      minmay_flawed_box, layout_basic, serial_rivers,
          chequers_serial_rivers_micro_e, chequers_serial_rivers_small_b,
          chequers_serial_rivers_micro_c, chequers_serial_rivers_small_b,
          chequers_serial_rivers_micro_e
D:7:      layout_basic, minmay_temple_entry_junction_2
D:8:      layout_cave_pools, serial_shops, shop, nicolae_specific_store
D:9:      layout_basic
D:10:     layout_loops_ring, mainiacjoe_overflow_alcove_3, dpeg_lair_monsters,
          hiddenorc2_lemuel, serial_shops, nicolae_diamond_shop
D:11:     dreamdust_isle_of_ice, layout_stronghold
D:12:     layout_loops_corners, gauntlet_entry_generic
D:13:     layout_roguey, hangedman_vaults_entry_quadrant_bands, uniq_lodul,
          uniq_frances, uniq_maurice
D:14:     layout_loops_ring, uniq_roxanne
D:15:     grunt_enter_depths_snipers, layout_rooms,
          hangedman_abyss_or_decor_stagger, uniq_louise, uniq_kirke,
          uniq_jorgrun
Lair:1:   layout_gridlike, basic_altar, lemuel_another_geyser
Lair:2:   layout_gridlike, minmay_snake_entry_guardpost_large,
          nicolae_quartered_pool_medium, infiniplex_staircase_pool_2,
          lemuel_fruit_tree
Lair:3:   layout_regular_city, cheibrodos_lair_lostbears
Lair:4:   layout_misc_corridors, minmay_shoals_entry_hut, basic_altar,
          chequers_serial_rivers_room_b, serial_bayou_lagoon_a,
          serial_bayou_shore_a
Lair:5:   dpeg_oklob_gauntlet, layout_regular_city, slime_altar_1,
          nicolae_lair_lakeside_cave
Lair:6:   hangedman_lair_in_review, layout_loops_ring, wad_woods_road_02,
          hibernation_bobbens, serial_bayou_shore_b, infiniplex_staircase_pool,
          uniq_urug
Shoals:1: layout_shoals
Shoals:2: layout_shoals
Shoals:3: layout_shoals, serial_shops, nicolae_square_shop, uniq_nikola
Shoals:4: shoals_end_grunt_ice, layout_shoals
Snake:1:  layout_grid_maze, grunt_ministairs_6,
          nicolae_snake_guarding_the_ruins, uniq_aizul
Snake:2:  layout_misc_corridors, basic_altar, hangedman_snake_corridor_cut
Snake:3:  layout_misc_corridors, nicolae_snake_springs
Snake:4:  grunt_snake_rune_serpentine_throne, layout_misc_corridors,
          serial_shops, shop_statue, grunt_megastairs_5, serial_bayou_shore_b
Orc:1:    layout_diamond_mine
Orc:2:    pf_orc_diabolical, layout_caves
Vaults:1: hangedman_vaults_maws, v_alt_pattern_4, v_misc_15,
          nicolae_vaults_theta, hangedman_vaults_stagger, grunt_vaults_funnel,
          ontoclasm_vaults_eye, nicolae_vaults_theta, layout_vaults_omnigrid
Vaults:2: vaults_room_boxed, ontoclasm_vaults_shuriken,
          nicolae_vaults_triangles, ontoclasm_vaults_fault,
          nicolae_vaults_asterisk, dpeg_vaults_monster_row,
          ontoclasm_vaults_ligature, nicolae_vaults_ninety_degrees,
          vaults_standard_mumra_enter_the_diamond, hangedman_vaults_capsules,
          v_misc_16, vaults_room_large_hall, layout_vaults_omnibox,
          serial_shops, nicolae_shop_stone, shop_coins,
          nicolae_shop_competitors_out_of_business,
          nicolae_shop_overgrown_old_shop, shop, uniq_frederick

Notes
Turn   | Place    | Note
-------+----------+-------------------------------------------
     0 | Abyss:1  | spiderkeys the Naga Abyssal Knight began the quest for the
                  | Orb.
     0 | Abyss:1  | Reached XP level 1. HP: 21/21 MP: 2/2
     0 | Abyss:1  | magus.rc [v1.11.3]
    11 | D:1      | You pass through the gate.
    11 | D:1      | Escaped the Abyss
    39 | D:1      | Found a faded altar of an unknown god.
    55 | D:1      | You pick up a book of Flames and begin reading...
    55 | D:1      | You add the spells Foxfire, Conjure Flame, Inner Flame and
                  | Flame Wave to your library.
   347 | D:1      | Reached XP level 2. HP: 11/28 MP: 3/3
   789 | D:1      | Reached skill level 1 in Spellcasting
   814 | D:1      | Learned a level 1 spell: Foxfire
   820 | D:1      | Reached XP level 3. HP: 27/34 MP: 4/4
  1284 | D:1      | Reached *** piety under Lugonu
  2128 | D:2      | Found a shimmering blue altar of Sif Muna.
  2153 | D:2      | Reached XP level 4. HP: 32/42 MP: 6/6
  2737 | D:2      | Reached skill level 3 in Invocations
  3383 | D:3      | Reached XP level 5. HP: 50/50 MP: 7/7
  3729 | D:4      | Reached skill level 3 in Polearms
  3729 | D:4      | Reached skill level 2 in Spellcasting
  3898 | D:4      | Reached **** piety under Lugonu
  3899 | D:4      | Reached skill level 4 in Fighting
  4114 | D:4      | Reached XP level 6. HP: 57/57 MP: 9/9
  4340 | D:4      | Reached skill level 4 in Invocations
  4421 | D:5      | Entered Level 5 of the Dungeon
  4692 | D:5      | Reached skill level 4 in Polearms
  4692 | D:5      | Reached skill level 3 in Spellcasting
  4692 | D:5      | Reached XP level 7. HP: 32/66 MP: 11/11
  5187 | D:5      | Reached skill level 5 in Fighting
  5542 | D:6      | Reached skill level 5 in Invocations
  5686 | D:6      | Reached XP level 8. HP: 46/74 MP: 13/13
  5704 | D:6      | Reached skill level 4 in Spellcasting
  5937 | D:6      | Reached skill level 5 in Polearms
  5984 | D:6      | Noticed a two-headed ogre
  5988 | D:6      | Banished a two-headed ogre
  5989 | D:6      | Reached skill level 6 in Fighting
  5989 | D:6      | Reached skill level 6 in Invocations
  5998 | D:6      | Reached XP level 9. HP: 78/82 MP: 2/16
  6232 | D:6      | Reached skill level 5 in Spellcasting
  6553 | D:6      | Reached skill level 6 in Polearms
  7240 | D:7      | Reached skill level 7 in Invocations
  7454 | D:7      | Reached skill level 7 in Fighting
  7738 | D:7      | Found a staircase to the Ecumenical Temple.
  8275 | D:8      | Found Amipoa's General Store.
  8278 | D:8      | Found Kupneblo's Specific Store.
  8294 | D:8      | Bought a scroll of identify for 22 gold pieces
  8294 | D:8      | Bought a scroll of identify for 22 gold pieces
  8465 | D:8      | Reached skill level 7 in Polearms
  8566 | D:8      | Found Serot's Distillery.
  8921 | D:9      | HP: 16/86 [gnoll sergeant/+0 spear (7)]
  8923 | D:9      | Reached skill level 8 in Invocations
  8947 | D:9      | Reached XP level 10. HP: 41/96 MP: 12/17
  9752 | D:10     | Entered Level 10 of the Dungeon
  9752 | D:10     | Noticed an unseen horror
  9769 | D:9      | Reached skill level 8 in Fighting
  9772 | D:9      | Killed an unseen horror
  9999 | D:9      | Reached skill level 8 in Polearms
 10292 | D:9      | Reached skill level 9 in Invocations
 10475 | D:10     | Noticed a death yak
 10476 | D:10     | Noticed a death yak
 10571 | D:10     | HP: 11/98 [orc warrior/+0 halberd (17)]
 11056 | D:10     | HP: 23/98 [gnoll/+0 flail[a gnoll sergeant] (6)]
 11062 | D:10     | HP: 21/98 [steam dragon (4)]
 11443 | D:10     | Found a staircase to the Orcish Mines.
 11557 | D:10     | Noticed a death yak
 11558 | D:10     | Noticed a gargoyle
 11561 | D:10     | Banished a gargoyle
 11562 | D:10     | Reached skill level 1 in Conjurations
 11562 | D:10     | Reached skill level 1 in Fire Magic
 11574 | D:10     | Noticed a death yak
 11576 | D:10     | Noticed a death yak
 11579 | D:10     | Found a staircase to the Lair.
 11790 | D:10     | Reached skill level 1 in Shields
 11806 | D:9      | Killed a death yak
 11807 | D:9      | Reached skill level 9 in Fighting
 11913 | D:9      | Banished a death yak
 11914 | D:9      | Reached skill level 2 in Shields
 11914 | D:9      | Reached skill level 2 in Conjurations
 11914 | D:9      | Reached skill level 2 in Fire Magic
 11914 | D:9      | Reached XP level 11. HP: 106/106 MP: 18/18
 12065 | D:9      | Killed a death yak
 12066 | D:9      | Reached skill level 9 in Polearms
 12066 | D:9      | Reached skill level 3 in Conjurations
 12066 | D:9      | Reached skill level 3 in Fire Magic
 12319 | D:9      | Killed a death yak
 12583 | D:9      | magus.rc [v1.11.3]
 12602 | D:9      | Killed a death yak
 12603 | D:9      | Reached skill level 3 in Shields
 12843 | D:10     | Found a shimmering altar of Xom.
 12844 | D:10     | Found a bloodstained altar of Trog.
 12845 | D:10     | Found an iron altar of Okawaru.
 12846 | D:10     | Found a glowing golden altar of the Shining One.
 12983 | D:10     | Found Quajal's Jewellery Emporium.
 13191 | D:11     | You fall into a shaft and drop 1 floor!
 13195 | D:12     | Noticed a cyclops
 13197 | D:12     | Banished a cyclops
 13299 | D:12     | Noticed a boulder beetle
 13300 | D:12     | Banished a boulder beetle
 13305 | D:12     | Reached skill level 4 in Fire Magic
 13325 | D:12     | Reached skill level 4 in Conjurations
 13349 | D:12     | Found a gate leading to a gauntlet.
 13368 | Gauntlet | Entered a Gauntlet
 13368 | Gauntlet | Found a transporter.
 13368 | Gauntlet | Found a transporter.
 13431 | Gauntlet | Noticed an oklob plant
 13436 | Gauntlet | Found a transporter.
 13437 | Gauntlet | Noticed a necromancer
 13453 | Gauntlet | Found a transporter.
 13464 | Gauntlet | Noticed a shining eye
 13465 | Gauntlet | Found a transporter.
 13466 | Gauntlet | Found a transporter.
 13466 | Gauntlet | Found a transporter.
 13468 | Gauntlet | Found a transporter.
 13468 | Gauntlet | Found a transporter.
 13470 | Gauntlet | Noticed a thrashing horror
 13487 | Gauntlet | Found a transporter.
 13497 | Gauntlet | Noticed a thrashing horror
 13498 | Gauntlet | Found a transporter.
 13505 | Gauntlet | Noticed a thrashing horror
 13506 | Gauntlet | Noticed a thrashing horror
 13508 | Gauntlet | Found a transporter.
 13523 | Gauntlet | Found a transporter.
 13543 | Gauntlet | Found a transporter.
 13627 | Gauntlet | Corrupted Gauntlet
 13627 | Gauntlet | Noticed a thrashing horror
 13627 | Gauntlet | Noticed a worldbinder
 13627 | Gauntlet | Noticed a lorocyproca
 13633 | Gauntlet | Killed a thrashing horror
 13637 | Gauntlet | Noticed a vampire mage
 13639 | Gauntlet | Killed a thrashing horror
 13645 | Gauntlet | Killed a thrashing horror
 13660 | Gauntlet | Killed a thrashing horror
 13670 | Gauntlet | Noticed a tentacled starspawn
 13689 | Gauntlet | Identified the +1 hat of Caostrona {Contam Harm Str+2 SInv}
 13703 | Gauntlet | Identified the +1 pair of boots of Infinity {rC- rN++
                  | rCorr}
 13730 | Gauntlet | Noticed a minotaur
 13759 | Gauntlet | Killed a minotaur
 13760 | Gauntlet | Reached skill level 4 in Shields
 13999 | Gauntlet | You pick up a book of Chaos and begin reading...
 13999 | Gauntlet | You add the spells Conjure Ball Lightning, Disjunction and
                  | Discord to your library.
 14126 | Gauntlet | Banished an oklob plant
 14127 | Gauntlet | Reached skill level 10 in Fighting
 14200 | Gauntlet | Gained mutation: You are frail. (-10% HP) [a shining eye]
 14203 | Gauntlet | Gained mutation: You sometimes lose the ability to read
                  | scrolls when taking damage. [a shining eye]
 14204 | Gauntlet | Killed a shining eye
 14248 | Gauntlet | Paralysed by a floating eye for 4 turns
 14268 | Gauntlet | Lost mutation: You are frail. (-10% HP) [potion of
                  | mutation]
 14268 | Gauntlet | Lost mutation: You sometimes lose the ability to read
                  | scrolls when taking damage. [potion of mutation]
 14268 | Gauntlet | Gained mutation: You are covered in fur. (AC +1) [potion of
                  | mutation]
 14268 | Gauntlet | Gained mutation: You are weak. (Str -2) [potion of
                  | mutation]
 14268 | Gauntlet | Gained mutation: Your natural rate of healing is unusually
                  | fast. [potion of mutation]
 14392 | Gauntlet | Identified the ring "Monwog" {rPois Int+4}
 14479 | Gauntlet | Killed a necromancer
 14480 | Gauntlet | Reached skill level 5 in Conjurations
 14480 | Gauntlet | Reached skill level 5 in Fire Magic
 14480 | Gauntlet | Reached XP level 12. HP: 115/116 MP: 19/19
 14484 | Gauntlet | Reached skill level 10 in Polearms
 14620 | Gauntlet | Reached skill level 5 in Shields
 14737 | D:12     | You pick up a book of Alchemy and begin reading...
 14737 | D:12     | You add the spells Sublimation of Blood, Petrify and
                  | Irradiate to your library.
 14744 | D:12     | Learned a level 5 spell: Irradiate
 14985 | D:11     | Noticed a two-headed ogre
 15047 | D:12     | Reached skill level 1 in Transmutations
 15069 | D:11     | Noticed a death yak
 15072 | D:11     | Banished a death yak
 15090 | D:12     | Reached skill level 2 in Transmutations
 15375 | D:11     | Noticed an ice dragon
 15377 | D:11     | Banished an ice dragon
 15751 | D:11     | Noticed a boulder beetle
 15765 | D:11     | Killed a boulder beetle
 15766 | D:11     | Reached skill level 6 in Conjurations
 16054 | D:10     | Reached skill level 3 in Transmutations
 16124 | D:11     | Reached skill level 6 in Shields
 16197 | D:11     | You add the spells Ignite Poison and Sticky Flame to your
                  | library.
 16202 | D:11     | Learned a level 3 spell: Ignite Poison
 16286 | D:11     | Killed a two-headed ogre
 16287 | D:11     | Reached skill level 11 in Fighting
 16515 | D:11     | Gained mutation: You can use your snake-like lower body to
                  | constrict enemies. [Naga growth]
 16515 | D:11     | Reached XP level 13. HP: 123/127 MP: 20/20
 16597 | D:11     | Reached skill level 4 in Transmutations
 17189 | D:13     | Noticed Frances
 17197 | D:13     | Banished Frances
 17198 | D:13     | Reached skill level 11 in Polearms
 17264 | D:13     | Noticed Maurice
 17268 | D:13     | Noticed Maurice
 17268 | D:13     | Maurice changed into Maurice the wyvern
 17273 | D:13     | Killed Maurice the wyvern
 17280 | D:13     | Reached skill level 7 in Conjurations
 17759 | D:13     | Noticed Lodul
 17760 | D:13     | Banished Lodul
 17848 | D:13     | Identified the +1 pair of gloves "Vubesho" {-Tele +Inv rF+
                  | Dex+4}
 17854 | D:13     | You pick up a book of the Tundra and begin reading...
 17854 | D:13     | You add the spells Hailstorm, Ice Form and Simulacrum to
                  | your library.
 17952 | D:13     | Gained mutation: You are dopey. (Int -2) [a neqoxec]
 18127 | D:13     | Reached skill level 7 in Shields
 18141 | D:13     | Reached skill level 5 in Transmutations
 18448 | D:13     | Found a gate to the Vaults.
 18468 | D:13     | Reached ***** piety under Lugonu
 18679 | D:14     | Reached skill level 8 in Conjurations
 18752 | D:14     | Reached skill level 6 in Transmutations
 18759 | D:14     | Reached skill level 12 in Fighting
 18879 | D:14     | Reached XP level 14. HP: 137/138 MP: 21/21
 19051 | D:14     | Noticed Roxanne
 19061 | D:14     | Reached skill level 12 in Polearms
 19079 | D:14     | Reached skill level 8 in Shields
 19555 | Lair:1   | Entered Level 1 of the Lair of Beasts
 19848 | Lair:1   | Found a radiant altar of Vehumet.
 20059 | Lair:1   | Identified the +2 flail "Giatten" {vorpal, Int+2}
 20362 | Lair:2   | Reached skill level 7 in Transmutations
 20542 | Lair:2   | Found a staircase to the Snake Pit.
 20654 | Lair:2   | Reached skill level 9 in Conjurations
 20986 | Lair:2   | magus.rc [v1.11.3]
 21673 | Lair:3   | Could not pick up +0 shadow dragon scales {rare} here;
                  | ([A]lways) ignore it?
 21673 | Lair:3   | Could not pick up +0 shadow dragon scales {rare} here;
                  | ([A]lways) ignore it?
 21673 | Lair:3   | Could not pick up +0 shadow dragon scales {rare} here;
                  | ([A]lways) ignore it?
 21727 | Lair:3   | You fall into a shaft and drop 2 floors!
 21727 | Lair:5   | Found a staircase to the Slime Pits.
 21727 | Lair:5   | Found a viscous altar of Jiyva.
 21740 | Lair:4   | You pick up a book of the Wilderness and begin reading...
 21740 | Lair:4   | You add the spells Summon Forest, Summon Mana Viper and
                  | Summon Cactus Giant to your library.
 22309 | Lair:4   | Reached skill level 9 in Shields
 22324 | Lair:4   | Found a burning altar of Makhleb.
 22361 | Lair:4   | Reached ****** piety under Lugonu
 22407 | Lair:4   | Reached skill level 8 in Transmutations
 22423 | Lair:4   | Reached XP level 15. HP: 145/146 MP: 22/22
 22427 | Lair:4   | Reached skill level 13 in Fighting
 22768 | Lair:4   | Found a staircase to the Shoals.
 22768 | Lair:4   | Found the +0 mask of the Dragon {Will+ Slay+3 SInv}
 23151 | Lair:5   | You add the spells Borgnjor's Revivification, Necromutation
                  | and Death's Door to your library.
 23449 | Lair:5   | Reached skill level 13 in Polearms
 23558 | Lair:5   | Reached skill level 10 in Conjurations
 23810 | Lair:6   | Entered Level 6 of the Lair of Beasts
 23940 | Lair:6   | Noticed Urug
 23959 | Lair:6   | Killed Urug
 24141 | Lair:6   | Identified a +1 crystal plate armour
 24142 | Lair:6   | Could not pick up a +1 crystal plate armour {rare} here;
                  | ([A]lways) ignore it?
 24142 | Lair:6   | Could not pick up a +1 crystal plate armour {rare} here;
                  | ([A]lways) ignore it?
 24142 | Lair:6   | Identified the amulet of Ageuxueg {Rampage Regen+ Str+6
                  | Dex+4}
 24158 | Lair:6   | Could not pick up a +1 crystal plate armour {rare} here;
                  | ([A]lways) ignore it?
 24158 | Lair:6   | Could not pick up a +1 crystal plate armour {rare} here;
                  | ([A]lways) ignore it?
 24158 | Lair:6   | Could not pick up a +1 crystal plate armour {rare} here;
                  | ([A]lways) ignore it?
 24258 | Lair:6   | Reached skill level 9 in Transmutations
 24345 | Lair:6   | Reached skill level 2 in Armour
 25433 | Shoals:1 | Entered Level 1 of the Shoals
 25439 | Shoals:1 | Reached skill level 10 in Shields
 25875 | Shoals:1 | Reached skill level 3 in Armour
 26048 | Shoals:1 | You pick up a book of Burglary and begin reading...
 26048 | Shoals:1 | You add the spells Passwall, Ensorcelled Hibernation and
                  | Swiftness to your library.
 26490 | Shoals:2 | Reached skill level 14 in Fighting
 26490 | Shoals:2 | Reached XP level 16. HP: 143/159 MP: 23/23
 26491 | Shoals:2 | Identified the +4 broad axe "Roiw Gia" {venom, rF+ Int+2}
 27081 | Shoals:2 | Reached skill level 14 in Polearms
 27081 | Shoals:2 | Reached skill level 10 in Transmutations
 27085 | Shoals:2 | Reached skill level 4 in Armour
 27710 | Shoals:3 | Found Zowy's Antique Weapon Shop.
 27714 | Shoals:3 | Noticed Nikola
 27737 | Shoals:3 | Killed Nikola
 28131 | Shoals:4 | Entered Level 4 of the Shoals
 28277 | Shoals:4 | Reached skill level 5 in Armour
 28642 | Shoals:4 | Identified the +6 fustibalus "Aggu Qageph" {flame, rPois
                  | Stlth+}
 28860 | Shoals:4 | Reached skill level 11 in Transmutations
 29261 | Shoals:4 | Reached skill level 15 in Fighting
 29415 | Shoals:4 | Reached skill level 6 in Armour
 29526 | Shoals:4 | Reached skill level 1 in Evocations
 29532 | Shoals:4 | Got a barnacled rune of Zot
 30166 | Orc:1    | Entered Level 1 of the Orcish Mines
 30196 | Orc:1    | Reached skill level 2 in Evocations
 30224 | Orc:1    | Reached XP level 17. HP: 170/170 MP: 25/25
 30524 | Orc:2    | Entered Level 2 of the Orcish Mines
 30548 | Orc:2    | Found Gihasah's General Store.
 30578 | Orc:2    | Found Ymed's Magic Scroll Shop.
 30666 | Orc:2    | Bought a scroll of acquirement for 728 gold pieces
 30666 | Orc:2    | Acquired a book of the Moon
 30667 | Orc:2    | You pick up a book of the Moon and begin reading...
 30667 | Orc:2    | You add the spells Passage of Golubria, Silence and
                  | Lehudib's Crystal Spear to your library.
 30673 | Orc:2    | Learned a level 4 spell: Passage of Golubria
 30713 | Orc:2    | Found a staircase to the Elven Halls.
 31141 | Orc:2    | Reached skill level 1 in Translocations
 31146 | Orc:2    | Reached skill level 6 in Spellcasting
 31213 | Orc:2    | Reached skill level 2 in Translocations
 31293 | Orc:2    | Found Aluz's Book Emporium.
 31293 | Orc:2    | Found Vibuowk's Antique Armour Shoppe.
 31294 | Orc:2    | Found a one-way gate leading to the halls of Pandemonium.
 31298 | Orc:2    | Bought a distressingly furry helmet for 342 gold pieces
 31298 | Orc:2    | Identified the +2 helmet of Babovvij {rCorr} (You bought it
                  | in a shop on level 2 of the Orcish Mines)
 31622 | D:14     | Killed Roxanne
 31623 | D:14     | Reached skill level 7 in Armour
 31623 | D:14     | Reached skill level 12 in Transmutations
 31625 | D:14     | You pick up a book of Sloth and begin reading...
 31625 | D:14     | You add the spells Metabolic Englaciation and Statue Form
                  | to your library.
 31633 | D:14     | Learned a level 6 spell: Statue Form
 31645 | D:15     | Entered Level 15 of the Dungeon
 31688 | D:15     | Reached skill level 3 in Translocations
 31803 | D:15     | Reached skill level 1 in Earth Magic
 31810 | D:15     | Noticed Jorgrun
 31821 | D:15     | Killed Jorgrun
 31926 | D:15     | Noticed Louise
 31944 | D:15     | Killed Louise
 31993 | D:15     | Reached skill level 2 in Earth Magic
 32008 | D:15     | Noticed Kirke
 32024 | D:15     | Killed Kirke
 32038 | D:15     | You pick up a book of Changes and begin reading...
 32038 | D:15     | You add the spells Beastly Appendage, Wereblood and Spider
                  | Form to your library.
 32211 | D:15     | Found a staircase to the Depths.
 32226 | D:15     | Reached skill level 4 in Translocations
 32455 | Snake:1  | Entered Level 1 of the Snake Pit
 32466 | Snake:1  | Noticed Aizul
 32481 | Snake:1  | Killed Aizul
 32484 | Snake:1  | Reached skill level 3 in Earth Magic
 32782 | Snake:1  | Reached skill level 16 in Fighting
 32888 | Snake:1  | Reached skill level 5 in Translocations
 32960 | Snake:1  | Reached skill level 4 in Earth Magic
 33120 | Snake:1  | You fall into a shaft and drop 1 floor!
 33136 | Snake:2  | Reached XP level 18. HP: 181/181 MP: 27/27
 34052 | Snake:2  | Reached skill level 13 in Transmutations
 34079 | Snake:2  | Found a glowing golden altar of the Shining One.
 34113 | Snake:2  | Reached skill level 5 in Earth Magic
 34124 | Snake:2  | Reached skill level 6 in Translocations
 34248 | Snake:2  | Identified the +6 ring mail "Walailon" {rC+}
 34763 | Snake:3  | Reached skill level 6 in Earth Magic
 34932 | Snake:3  | Reached skill level 7 in Translocations
 34962 | Snake:3  | HP: 40/183 [shock serpent/bolt of electricity (21)]
 35621 | Snake:4  | Entered Level 4 of the Snake Pit
 35702 | Snake:4  | Reached skill level 7 in Earth Magic
 35894 | Snake:4  | Reached skill level 17 in Fighting
 36085 | Snake:4  | Reached skill level 8 in Translocations
 36102 | Snake:4  | Reached skill level 14 in Transmutations
 36108 | Snake:4  | Reached XP level 19. HP: 131/193 MP: 28/28
 36359 | Snake:4  | Found Vugugoef's General Store.
 36756 | Snake:4  | Reached skill level 8 in Earth Magic
 37054 | Snake:4  | Reached skill level 9 in Translocations
 37816 | Snake:4  | Got a serpentine rune of Zot
 38184 | Vaults:1 | Entered Level 1 of the Vaults
 39001 | Vaults:1 | Reached skill level 9 in Earth Magic
 39002 | Vaults:1 | Identified a +1 robe of the Archmagi
 39431 | Vaults:2 | Found Fiuc's Antique Armour Emporium.
 39439 | Vaults:2 | Found Qacuh's Assorted Antiques.
 39591 | Vaults:2 | Reached skill level 15 in Transmutations
 39754 | Vaults:2 | Reached skill level 10 in Translocations
 39766 | Vaults:2 | HP: 26/195 [ironbound thunderhulk/bolt of lightning (28)]
 39767 | Vaults:2 | Killed from afar by an ironbound thunderhulk

Vanquished Creatures
  Nikola (Shoals:3)
  Jorgrun (D:15)
  Kirke (D:15)
  Roxanne (D:14)
  13 nagarajas
  A frost giant (D:15)
  An orc warlord (Orc:1)
  2 vault wardens
  Aizul (Snake:1)
  Louise (D:15)
  2 ironbound preservers
  2 ironbound thunderhulks
  6 dire elephants
  A minotaur (Gauntlet)
  3 merfolk javelineers
  11 merfolk impalers
  2 yaktaur captains
  A boulder beetle (D:11)
  6 hydras
  A vault guard (Vaults:2)
  A great orb of eyes (Vaults:1)
  An ogre mage (D:13)
  3 demonspawn (Orc:2)
  2 salamander tyrants
  4 two-headed ogres
  A merfolk avatar (Shoals:1)
  16 anacondas
  2 catoblepae (Lair:6)
  A satyr (Shoals:4)
  5 centaur warriors
  17 naga warriors
  6 death yaks
  3 tengu warriors
  A thrashing horror (Gauntlet)
  14 naga sharpshooters
  Urug (Lair:6)
  8 orc high priests
  11 shock serpents
  2 salamander mystics (Snake:4)
  5 skeletal warriors (D:15)
  16 sea snakes
  A deep troll (Vaults:2)
  6 naga ritualists
  A kraken simulacrum (Shoals:4)
  6 lindwurms
  A wizard (Vaults:1)
  7 ironbound convokers
  A deep elf pyromancer (D:15)
  2 deep elf zephyrmancers (D:13)
  3 harpies (Shoals:4)
  A necromancer (Gauntlet)
  A shining eye (Gauntlet)
  8 orc sorcerers
  4 orc knights (Orc:2)
  An oklob plant (Lair:5)
  10 mana vipers
  26 salamanders
  2 fauns (Shoals:2)
  8 cyclopes
  9 ugly things
  11 manticores
  13 elephants
  4 merfolk sirens
  9 guardian serpents
  49 black mambas
  18 naga magi
  7 water nymphs
  3 vault sentinels (Vaults:1)
  A rust devil (Orc:2)
  An orange demon (Orc:2)
  A torpor snail (Lair:4)
  An unseen horror (D:9)
  2 rime drakes (Lair:6)
  8 cane toads
  2 centaur skeletons (D:13)
  A freezing wraith (D:15)
  A kobold demonologist (D:13)
  An efreet (D:15)
  5 yaktaurs (Vaults:1)
  2 ice devils
  6 komodo dragons
  8 trolls
  A troll (shapeshifter) (D:15)
  28 merfolk
  5 polar bears
  3 wind drakes (Shoals:4)
  14 blink frogs
  13 dream sheep
  14 slime creatures
  11 snapping turtles
  A vampire (D:14)
  3 shadows
  A wraith (D:9)
  A dire elephant simulacrum (D:11)
  A centaur simulacrum (Gauntlet)
  7 water elementals
  4 basilisks
  A golden eye (Gauntlet)
  5 wyverns
  35 yaks
  4 hogs (D:15)
  2 steam dragons (D:10)
  6 vampire mosquitoes
  62 nagas
  A harpy simulacrum (Gauntlet)
  4 wargs (Orc:1)
  2 acid dragons (Gauntlet)
  10 water moccasins
  An ice beast (D:7)
  A meliai simulacrum (D:15)
  A black bear (D:5)
  29 orc warriors
  A boggart (D:13)
  17 wolves
  12 ogres
  19 centaurs
  3 phantoms
  4 kobold brigands
  14 bullfrogs
  A scorpion (Lair:1)
  A gnoll sergeant (D:9)
  A two-headed ogre simulacrum (D:11)
  An elephant simulacrum (D:11)
  13 killer bees
  7 electric eels
  9 howler monkeys
  26 orc priests
  4 hounds
  5 jellies
  3 iguanas
  25 orc wizards
  A spriggan simulacrum (D:11)
  9 gnolls
  5 adders
  A shadow imp (D:8)
  3 white imps
  3 ufetubi
  2 worms (D:2)
  3 dart slugs
  75 orcs
  5 endoplasms
  2 giant cockroaches (D:4)
  10 goblins
  8 hobgoblins
  9 jackals
  3 quokkas
  10 ball pythons
  9 bats
  2 frilled lizards
  16 kobolds
  2 rats
  A tentacle (Shoals:4)
1046 creatures vanquished.

Vanquished Creatures (collateral kills)
  A faun (Shoals:3)
1 creature vanquished.

Vanquished Creatures (others)
  3 thrashing horrors (Gauntlet)
  7 small abominations (Gauntlet)
  A kobold brigand (D:13)
  15 foxfires
  18 fungi
  128 plants
  3 tentacles (Shoals:4)
175 creatures vanquished.

Grand Total: 1222 creatures vanquished

Table legend:
 A = Non-vault XP
 B = Vault XP
 C = Vault XP percentage of total XP
 D = Non-vault monster count
 E = Vault monster count
 F = Vault count percentage of total count
                 A         B        C        D         E       F
            +---------+---------+-------+---------+---------+-------
      Total |  239191 |  153993 |  39.2 |     783 |     355 |  31.2
            +---------+---------+-------+---------+---------+-------
        D:1 |      55 |       0 |   0.0 |      31 |       0 |   0.0
        D:2 |      76 |       0 |   0.0 |      18 |       0 |   0.0
        D:3 |      40 |       0 |   0.0 |      15 |       0 |   0.0
        D:4 |     387 |       0 |   0.0 |      19 |       0 |   0.0
        D:5 |     483 |       0 |   0.0 |      15 |       0 |   0.0
        D:6 |    1407 |     260 |  15.6 |      13 |       8 |  38.1
        D:7 |     797 |       0 |   0.0 |      27 |       0 |   0.0
        D:8 |     561 |       0 |   0.0 |      14 |       0 |   0.0
        D:9 |    2263 |    4058 |  64.2 |      14 |       6 |  30.0
       D:10 |    2424 |    1061 |  30.4 |      31 |      33 |  51.6
       D:11 |    4410 |    3156 |  41.7 |      17 |      12 |  41.4
       D:12 |    5201 |     341 |   6.2 |      18 |       1 |   5.3
       D:13 |    4180 |    9896 |  70.3 |      14 |      29 |  67.4
       D:14 |   12770 |    1312 |   9.3 |      26 |       1 |   3.7
       D:15 |    8923 |    8160 |  47.8 |      19 |      10 |  34.5
     Lair:1 |    5452 |       0 |   0.0 |      19 |       0 |   0.0
     Lair:2 |    7779 |     495 |   6.0 |      23 |       3 |  11.5
     Lair:3 |    8936 |    1197 |  11.8 |      31 |       4 |  11.4
     Lair:4 |    5192 |     244 |   4.5 |      22 |       1 |   4.3
     Lair:5 |    6236 |    1552 |  19.9 |      23 |       3 |  11.5
     Lair:6 |    8478 |   11230 |  57.0 |      28 |      23 |  45.1
   Shoals:1 |   10252 |       0 |   0.0 |      18 |       0 |   0.0
   Shoals:2 |   11391 |       0 |   0.0 |      24 |       0 |   0.0
   Shoals:3 |    5658 |    3480 |  38.1 |      13 |       3 |  18.8
   Shoals:4 |   15935 |   14202 |  47.1 |      35 |      29 |  45.3
    Snake:1 |   14891 |    8972 |  37.6 |      34 |      19 |  35.8
    Snake:2 |   16152 |    6754 |  29.5 |      33 |      16 |  32.7
    Snake:3 |   23270 |    6232 |  21.1 |      44 |       9 |  17.0
    Snake:4 |   27778 |   32551 |  54.0 |      58 |      40 |  40.8
      Orc:1 |    6646 |       0 |   0.0 |      39 |       0 |   0.0
      Orc:2 |    2528 |   17171 |  87.2 |      17 |      63 |  78.8
   Vaults:1 |    9967 |   13194 |  57.0 |      21 |      19 |  47.5
   Vaults:2 |    7561 |    3866 |  33.8 |       8 |       5 |  38.5
   Gauntlet |    1112 |    4609 |  80.6 |       2 |      18 |  90.0
            +---------+---------+-------+---------+---------+-------

Illustrated notes

Table legend:
 A = Kills in this place as a percentage of kills in entire the game.
 B = Kills by you in this place as a percentage of kills by you in the entire game.
 C = Kills by friends in this place as a percentage of kills by friends in the entire game.
 D = Other kills in this place as a percentage of other kills in the entire game.
 E = Experience gained in this place as a percentage of experience gained in the entire game.
 F = Experience gained in this place divided by the number of levels of this place that you have seen.
                   A       B       C       D       E      F
               +-------+-------+-------+-------+-------+----------------------
         Total | 100.0 | 100.0 | 100.0 | 100.0 | 100.0 | 11233.8
       Dungeon |  34.4 |  33.2 |   0.0 |  47.8 |  18.4 | 4814.7
          Lair |  15.8 |  13.9 |   0.0 |  38.0 |  14.4 | 9465.2
        Shoals |  10.7 |  11.2 | 100.0 |   4.3 |  15.5 | 15229.5
     Snake Pit |  22.2 |  24.1 |   0.0 |   1.1 |  34.7 | 34150.0
  Orcish Mines |  10.5 |  11.2 |   0.0 |   2.2 |   6.7 | 13172.5
        Vaults |   4.7 |   5.0 |   0.0 |   1.1 |   8.8 | 17294.0
      Gauntlet |   1.8 |   1.4 |   0.0 |   5.4 |   1.5 | 5721.0
               +-------+-------+-------+-------+-------+----------------------

Table legend: (Time is in decaauts)
 A = Elapsed time spent in this place.
 B = Non-inter-level travel time spent in this place.
 C = Inter-level travel time spent in this place.
 D = Time resting spent in this place.
 E = Time spent auto-exploring this place.
 F = Levels seen in this place.
 G = Mean time per level.
                   A        B        C        D        E       F      G
               +--------+--------+--------+--------+--------+-----+--------+
         Total |  47254 |  44919 |   2335 |   7479 |  28163 |  35 | 1350.1 |
       Dungeon |  22600 |  21560 |   1040 |   4458 |  13495 |  15 | 1506.7 |
          Lair |   7500 |   6847 |    653 |    301 |   5454 |   6 | 1250.0 |
        Shoals |   5735 |   5402 |    333 |   1069 |   2855 |   4 | 1433.8 |
     Snake Pit |   6343 |   6130 |    213 |   1111 |   3542 |   4 | 1585.8 |
  Orcish Mines |   1546 |   1460 |     86 |     32 |   1049 |   2 |  773.0 |
        Vaults |   1930 |   1923 |      7 |    168 |   1434 |   2 |  965.0 |
         Abyss |     15 |     15 |      0 |      0 |      2 |   1 |   15.0 |
      Gauntlet |   1582 |   1582 |      0 |    339 |    327 |   1 | 1582.0 |
               +--------+--------+--------+--------+--------+-----+--------+

Top non-repeatable levels by time:
     D:9: 3031 daAuts
 Snake:4: 2532 daAuts
    D:10: 2431 daAuts
Shoals:4: 1955 daAuts
     D:1: 1945 daAuts
     D:6: 1869 daAuts
  Lair:6: 1818 daAuts
    D:13: 1676 daAuts
 Snake:1: 1612 daAuts
Gauntlet: 1582 daAuts
Vaults:1: 1535 daAuts
    D:12: 1452 daAuts
    D:11: 1407 daAuts
     D:2: 1345 daAuts
Shoals:3: 1339 daAuts
